 Dungeon Crawl Stone Soup version 0.19.0-19-g8c6edcc (webtiles) character file.

133 Chiseanne the Ducker (level 4, -2/23 HPs)
             Began as a Spriggan Monk on Nov 13, 2016.
             Was a Believer of Nemelex Xobeh.
             Killed from afar by Mlkhall's ghost (7 damage)
             ... with a magic dart
             ... on level 3 of the Dungeon.
             The game lasted 00:03:27 (1674 turns).

Chiseanne the Ducker (Spriggan Monk)                Turns: 1674, Time: 00:03:28

Health: -2/23      AC:  3    Str:  7    XL:     4   Next: 93%
Magic:  5/5        EV: 23    Int: 11    God:    Nemelex Xobeh [**....]
Gold:   109        SH:  0    Dex: 19    Spells: 0 memorised, 3 levels left

rFire  . . .     SeeInvis +     s - +4 quarterstaff (chaos)
rCold  . . .     Gourm    .     b - +0 robe
rNeg   . . .     Faith    .     (shield currently unavailable)
rPois  .         Spirit   .     (helmet restricted)
rElec  .         Reflect  .     v - +0 cloak
rCorr  .         Harm     .     (gloves unavailable)
MR     .....                    (boots unavailable)
Stlth  +++.......               (no amulet)
                                (no ring)
                                (no ring)

@: very quick
A: unfitting armour, see invisible, herbivore 3, speed 3, slow metabolism 2
a: Renounce Religion


You were on level 3 of the Dungeon.
You worshipped Nemelex Xobeh.
Nemelex Xobeh was pleased with you.
You were not hungry.

You visited 1 branch of the dungeon, and saw 3 of its levels.

You collected 109 gold pieces.

Inventory:

Hand Weapons
 a - a +0 falchion
 s - a +4 quarterstaff of chaos (weapon)
Missiles
 g - 7 tomahawks (quivered)
 h - 18 poisoned needles
 i - 65 stones
 k - 22 arrows
 w - 11 sling bullets
Armour
 b - a +0 robe (worn)
 v - a +0 cloak (worn)
Jewellery
 p - an uncursed ring of resist corrosion {unknown}
Scrolls
 e - 6 scrolls of identify {unknown}
 f - 2 scrolls of teleportation {unknown}
 j - a scroll of remove curse {unknown}
 l - 2 scrolls of fog {unknown}
 t - a scroll of immolation {unknown}
Potions
 q - a potion of beneficial mutation {unknown}
 r - a potion of curing {unknown}
 u - a potion of magic {unknown}
Miscellaneous
 m - an ornate deck of destruction {drawn: 3} {god gift}
 n - a plain deck of escape {drawn: 1} {god gift}
 o - a plain deck of summoning {drawn: 1} {god gift}
Comestibles
 c - a bread ration
 d - 6 fruits


   Skills:
 * Level 2.7 Fighting
 - Level 3.4 Long Blades
 * Level 6.6 Dodging
 - Level 3.0 Stealth


You had 3 spell levels left.
You didn't know any spells.

Dungeon Overview and Level Annotations

Branches:
Dungeon (3/15)

Altars:
Nemelex Xobeh

Annotations:
D:3 Mlkhall's ghost, amateur DrWz


Innate Abilities, Weirdness & Mutations

You are very small and have problems with some larger weapons.
You are too small for most types of armour.
You have supernaturally acute eyesight. (SInv)
You are a herbivore.
You cover ground extremely quickly.
You need consume almost no food.


Message History

The gnoll is severely wounded.
The gnoll closely misses you.
You thump the gnoll!
There is a sudden explosion of sparks!
You kill the gnoll!
You hit the kobold.
You kill the kobold!
The orc returns to its original shape as it dies.
You barely miss the gnoll. The gnoll misses you.
You sock the gnoll! You burn the gnoll.
You kill the gnoll!
Mlkhall's ghost barely misses you.
Mlkhall's ghost gestures at you while chanting.
The magic dart hits you!
* * * LOW HITPOINT WARNING * * *
Evoke which item? (* to show all) (? for menu, Esc to quit)
You draw a card...
It is the Dance.
Mlkhall's ghost casts a spell at you. The magic dart hits you!
You die...
Your body disappears without a glow.

......)g............#
.....W.l>....#.#.####
..........##.#.#.# #
..........##.#.#.# ..
..........##W#.#.#
##.
..........##.†.#.#...
..........###..#(#.#
.........# ##.....#
......# #..@..#
#.##....... #.#
.#####. #.# ..#
#)##..## #).....#
#.####.# ..# .. ...#


You could see Mlkhall's ghost and a friendly hand axe of venom (wandering).

Vanquished Creatures
  Crazy Yiuf (D:2)
  2 gnolls (D:3)
  4 adders
  A worm (D:2)
  A dart slug (D:2)
  2 leopard geckos (D:2)
  4 orcs (D:3)
  A giant cockroach (D:3)
  6 goblins
  5 hobgoblins
  A quokka (D:3)
  5 bats
  3 frilled lizards
  3 kobolds
  3 rats
42 creatures vanquished.

Vanquished Creatures (others)
  A ball lightning (D:2)
1 creature vanquished.

Grand Total: 43 creatures vanquished

Notes
Turn   | Place    | Note
-------+----------+-------------------------------------------
     0 | D:1      | Chiseanne the Spriggan Monk began the quest for the Orb.
     0 | D:1      | Reached XP level 1. HP: 11/11 MP: 2/2
   314 | D:1      | Reached XP level 2. HP: 14/16 MP: 3/3
   451 | D:2      | Found a faded altar of an unknown god.
   489 | D:2      | Found a sparkling altar of Nemelex Xobeh.
   493 | D:2      | Became a worshipper of Nemelex Xobeh the Trickster
   493 | D:2      | Received a gift from Nemelex Xobeh
   493 | D:2      | Reached * piety under Nemelex Xobeh
   493 | D:2      | Received a gift from Nemelex Xobeh
   493 | D:2      | Received a gift from Nemelex Xobeh
   493 | D:2      | Reached ** piety under Nemelex Xobeh
   554 | D:2      | Reached skill level 5 in Dodging
   596 | D:2      | Reached XP level 3. HP: 6/19 MP: 4/4
  1446 | D:2      | Found a runed door.
  1514 | D:2      | Noticed Crazy Yiuf
  1517 | D:2      | Killed Crazy Yiuf
  1517 | D:2      | Reached skill level 6 in Dodging
  1517 | D:2      | Reached XP level 4. HP: 23/23 MP: 5/5
  1640 | D:3      | Noticed Mlkhall's ghost (amateur DrWz)
  1674 | D:3      | Killed from afar by Mlkhall's ghost

Skill      XL: |  1  2  3 |
---------------+----------+-----
Dodging        | 5 6 |  6.6
Long Blades    | 3 |  3.4
Fighting       | |  2.7
Stealth        | |  3.0

Action                   |  1- 3 |  4- 6 || total
-------------------------+-------+-------++-------
Melee: Falchion          |   102 |       ||   102
       Quarterstaff      |       |    23 ||    23
Evoke: Deck              |     1 |     4 ||     5
 Stab: Sleeping          |     4 |     1 ||     5
Armor: Robe              |     7 |     2 ||     9
Dodge: Dodged            |   103 |    18 ||   121
       Rpst.: Falchion   |    27 |       ||    27
